 Dungeon Crawl Stone Soup version 0.18-a0-1347-gb9e2fb4 (webtiles) character file.

149 SlimeFever the Insei (level 5, -1/41 HPs)
             Began as a Demonspawn Monk on Feb 17, 2016.
             Was a Believer of Dithmenos.
             Slain by a hound (3 damage)
             ... on level 3 of the Dungeon.
             The game lasted 00:15:59 (2305 turns).

SlimeFever the Insei (Demonspawn Monk)              Turns: 2305, Time: 00:16:00

Health: -1/41      AC:  3    Str: 12    XL:     5   Next: 9%
Magic:  5/5        EV: 13    Int: 12    God:    Dithmenos [**....]
Gold:   123        SH:  0    Dex: 15    Spells: 0 memorised, 4 levels left

rFire  . . .     SeeInvis .       - Unarmed
rCold  . . .     Gourm    .     h - +1 robe
rNeg   . . .     Faith    .     (no shield)
rPois  .         Spirit   .     (no helmet)
rElec  .         Dismiss  .     (no cloak)
rCorr  .         Reflect  .     (no gloves)
SustAt .         Harm     .     (no boots)
MR     .....                    (no amulet)
Stlth  +++++.....               (no ring)
                                (no ring)

@: slowed, wreathed by umbra, very slow, not resistant to hostile enchantments,
quite stealthy
A: talons 1, nightstalker 2
a: Shadow Step, Renounce Religion


You were on level 3 of the Dungeon.
You worshipped Dithmenos.
Dithmenos was pleased with you.
You were not hungry.

You visited 1 branch of the dungeon, and saw 3 of its levels.

You collected 123 gold pieces.

Inventory:

Hand Weapons
 a - a +0 hunting sling
Missiles
 c - 21 sling bullets
 g - 28 bolts
 k - 13 steel bolts
 l - 5 tomahawks (quivered)
 m - 6 poisoned needles
 o - 24 arrows
Armour
 h - a +1 robe (worn)
Wands
 d - a wand of random effects (26/48)
Scrolls
 f - a scroll of identify
 n - 3 scrolls of remove curse
Potions
 e - a potion of curing
 i - a potion of lignification
 j - a potion of mutation {unknown}
Comestibles
 b - 3 bread rations
 p - a meat ration


   Skills:
 + Level 3.5 Fighting
 + Level 0.1 Slings
 * Level 3.5 Dodging
 * Level 2.8 Stealth
 * Level 4.5 Unarmed Combat


You had 4 spell levels left.
You didn't know any spells.

Dungeon Overview and Level Annotations

Branches:
Dungeon (3/15)

Altars:
Dithmenos
Gozag
Nemelex Xobeh
Okawaru
Trog
Zin


Innate Abilities, Weirdness & Mutations

You have sharp toenails.
You are significantly more attuned to the shadows.


Message History

The orc barely misses you. The hound barely misses you.
You closely miss the orc wizard. Your kick misses the orc wizard.
The orc wizard is heavily wounded.
The orc barely misses you. The orc wizard completely misses you.
The hound barely misses you. The orc closely misses you.
The orc priest hits you with a flail.
* * * LOW HITPOINT WARNING * * *
The orc wizard casts a spell.
The orc wizard seems to speed up.
The orc misses you. The hound bites you.
* * * LOW HITPOINT WARNING * * *
The orc wizard gestures wildly while chanting.
The orc wizard blinks!
The orc wizard points at you and mumbles some strange words.
You feel yourself slow down. The hound bites you.
* * * LOW HITPOINT WARNING * * *
The hound bites you.
* * * LOW HITPOINT WARNING * * *
The hound bites you.
You die...

#....................#
####################.#
#)# ... ##.# .. #..# ###.
##.## ....#### #..#
##...#######.##
#...oSoh@....#
#....#o#######
#.........# #.........#
######### #.........#
##.......# #.#.....<.#
##...####.#
##...#..###.....###.#
...#
##...#..)(.......##.####
...#
.#.###..####.<...##.....#


You could see a hound, an orc priest, 2 orcs and a ball python.

Vanquished Creatures
  An orc priest (D:3)
  Terence (D:2)
  3 adders
  An ooze (D:1)
  A giant gecko (D:1)
  7 orcs (D:3)
  4 bats
  A giant cockroach (D:2)
  5 goblins
  8 hobgoblins
  4 jackals
  7 kobolds
  A quokka (D:3)
  4 ball pythons
  A giant newt (D:3)
  6 rats
55 creatures vanquished.

Notes
Turn   | Place    | Note
--------------------------------------------------------------
     0 | D:1      | SlimeFever the Demonspawn Monk began the quest for the Orb.
     0 | D:1      | Reached XP level 1. HP: 18/18 MP: 1/1
   308 | D:1      | Gained mutation: You are slightly more attuned to the shadows. [demonic ancestry]
   308 | D:1      | Reached XP level 2. HP: 24/24 MP: 2/2
   434 | D:1      | Reached skill level 4 in Unarmed Combat
   829 | D:2      | Found an iron altar of Okawaru.
   830 | D:2      | Found a bloodstained altar of Trog.
   892 | D:2      | Gained mutation: You are significantly more attuned to the shadows. [demonic ancestry]
   892 | D:2      | Reached XP level 3. HP: 26/29 MP: 3/3
  1253 | D:2      | Noticed Terence
  1265 | D:2      | Killed Terence
  1265 | D:2      | Gained mutation: You have sharp toenails. [demonic ancestry]
  1265 | D:2      | Reached XP level 4. HP: 35/35 MP: 4/4
  1289 | D:2      | Found an opulent altar of Gozag.
  1290 | D:2      | Found a glowing silver altar of Zin.
  1496 | D:3      | Found a sparkling altar of Nemelex Xobeh.
  2033 | D:3      | Reached XP level 5. HP: 3/41 MP: 5/5
  2251 | D:3      | Found a shadowy altar of Dithmenos.
  2257 | D:3      | Became a worshipper of Dithmenos the Shadowed
  2257 | D:3      | Reached * piety under Dithmenos
  2257 | D:3      | Reached ** piety under Dithmenos
  2303 | D:3      | HP: 2/41 [hound (5)]
  2305 | D:3      | Slain by a hound

Vault maps used:
D:1:      eino_arrival_water_cross
D:2:      grunt_temple_overflow_gold_and_silver, gammafunk_temple_overflow_wave,
          uniq_terence
D:3:      lemuel_crystal_altar, lemuel_coloured_pillars_altar,
          nemelex_xobeh_ov_fountains_minmay

Action                   |  1- 3 |  4- 6 || total
-------------------------+-------+-------++-------
Melee: Unarmed           |   114 |    96 ||   210
 Fire: Hunting sling     |     1 |       ||     1
Throw: Tomahawk          |     3 |       ||     3
  Use: Scroll            |     6 |       ||     6
       Potion            |       |     3 ||     3
 Stab: Sleeping          |     8 |     3 ||    11
       Distracted        |     1 |     1 ||     2
  Eat: Bread ration      |       |     1 ||     1
